 Dungeon Crawl Stone Soup version 0.29-a0-824-gd827844252 (webtiles) character file.

Game seed: 9475122335236903618

6 lesbiats the Chopper (level 1, -4/23 HPs)
             Began as a Gnoll Cinder Acolyte on July 11, 2022.
             Was a High Priest of Ignis.
             Succumbed to a kobold's poison
             ... on level 1 of the Dungeon.
             The game lasted 00:02:07 (331 turns).

lesbiats the Chopper (Gnoll Cinder Acolyte)          Turns: 331, Time: 00:02:08

Health: -4/23      AC:  8    Str: 13    XL:     1   Next: 90%
Magic:  4/4        EV:  5    Int: 13    God:    Ignis [*****.]
Gold:   6          SH:  0    Dex:  7    Spells: 5/5 levels left

rFire   + . .      SeeInvis .   a - -1 hand axe (flame)
rCold   . . .      Faith    .   (no shield)
rNeg    . . .      Spirit   .   d - +0 chain mail
rPois   .          Reflect  .   (no helmet)
rElec   .          Harm     .   (no cloak)
rCorr   .          Rampage  .   (no gloves)
Will    .....                   (no boots)
Stlth   ..........              (no amulet)
HPRegen 0.07/turn               (no ring)
MPRegen 0.09/turn               (no ring)

@: lethally poisoned (-4 -> -39)
A: fangs 1, strong nose, distributed training
a: Renounce Religion, Fiery Armour, Foxfire Swarm, Rising Flame


You were on level 1 of the Dungeon.
You worshipped Ignis.
Ignis was extremely pleased with you.
You visited 1 branch of the dungeon, and saw 1 of its levels.

You collected 6 gold pieces.

Inventory:

Hand Weapons
 a - a -1 hand axe of flaming (weapon)
Armour
 b - a +0 robe
 d - a +0 chain mail (worn)
Scrolls
 f - a scroll of identify {unknown}
 h - a scroll of summoning {unknown}
 i - a scroll of enchant armour {unknown}
Potions
 c - a potion of magic {unknown}
 e - a potion of curing {unknown}
 g - a potion of flight {unknown}


   Skills:
 + Level 6.4 Fighting
 + Level 0.2 Short Blades
 + Level 0.2 Long Blades
 + Level 6.4 Axes
 + Level 0.2 Maces & Flails
 + Level 0.2 Polearms
 + Level 0.2 Staves
 + Level 0.2 Ranged Weapons
 + Level 0.2 Throwing
 + Level 0.2 Armour
 + Level 0.2 Dodging
 + Level 0.2 Stealth
 + Level 0.2 Shields
 + Level 0.2 Unarmed Combat
 + Level 2.6 Spellcasting
 + Level 0.1 Conjurations
 + Level 0.1 Hexes
 + Level 0.1 Summonings
 + Level 0.1 Necromancy
 + Level 0.1 Translocations
 + Level 0.1 Transmutations
 + Level 5.3 Fire Magic
 + Level 0.1 Ice Magic
 + Level 0.1 Air Magic
 + Level 0.1 Earth Magic
 + Level 0.1 Poison Magic
 + Level 0.3 Invocations
 + Level 0.2 Evocations


You had 5 spell levels left.
You didn't know any spells.
Your spell library contained the following spells:

 Spells                   Type           Power      Damage    Failure   Level
 Scorch                   Fire           30%        2d6       83%         2


Dungeon Overview and Level Annotations

Branches:
Dungeon (1/15)

Altars:


Innate Abilities, Weirdness & Mutations

You have very sharp teeth.
Your uncanny sense of smell can sniff out nearby items.
Your experience applies equally to all skills.


Message History

a scroll labelled SEFRAH TITREPE; a +0 dagger The rat bites you but does no damage.
You barely miss the rat. The rat completely misses you.
You hit the rat. You burn the rat.
You kill the rat!
h - a scroll labelled SEFRAH TITREPE You see here a +0 dagger.
i - a scroll labelled CEEDOI MOOVI You see here a +0 dagger.
You see here a stone.
You see here a rat corpse.
Found 6 stones.
A kobold comes into view. It is wielding a +2 dagger of venom.
The kobold shouts!
The kobold hits you with a +2 dagger of venom.
You hear a splashing noise.
You hit the kobold but do no damage. The kobold hits you but does no damage.
You are poisoned.
You barely miss the kobold.
You feel very sick. The kobold hits you but does no damage.
You are lethally poisoned!
You barely miss the kobold.
You feel very sick. The kobold barely misses you.
Okay, then.
You feel very sick.
An endoplasm comes into view.
Activating: Foxfire Swarm
Press: ? - help, Dir - look around, f - activate Flames leap up around you!
You feel very sick.
The endoplasm quivers.
The kobold hits you with a +2 dagger of venom.
* * * LOW HITPOINT WARNING * * *
You are more poisoned.
Your foxfire dissipates!
The kobold attacks as you move away! The kobold hits you but does no damage.
You are more poisoned.
You die...

#.....#### #..
#........# #..
#........# #..
#....)...#########..
#.(.....>........'..
#####†##.#########..
#vv.##†##.....##..
#######v#.##.##.....##..
#...vK.@v♣##.)..........
#.###vvvv≈#####.....##..
#P♣vvv♣≈# #.....##..
♣≈.(.P≈♣≈###.....##..
≈≈≈≈..≈≈♣♣.......##..
≈≈≈≈...≈≈≈♣♣......####
≈≈≈≈.≈..P≈P♣♣......#
≈P≈J≈≈...≈≈P♣♣......#
♣..#####


You could see an endoplasm and a kobold (ally target).

Vanquished Creatures
  A ball python (D:1)
  2 endoplasms (D:1)
  A goblin (D:1)
  A rat (D:1)
5 creatures vanquished.

Notes
Turn   | Place    | Note
-------+----------+-------------------------------------------
     0 | D:1      | lesbiats the Gnoll Cinder Acolyte began the quest for the
                  | Orb.
     0 | D:1      | Reached XP level 1. HP: 23/23 MP: 4/4
   331 | D:1      | Succumbed to a kobold's poison

Illustrated notes

Levels and vault maps discovered:
D:1:      heliophobic_arrival_dark_side_of_the_moon, layout_basic, serial_bayou,
          serial_bayou_shore_b, serial_bayou_ford_a, serial_bayou_shore_b,
          serial_bayou_crossing

Action                   || total
-------------------------++-------
Melee: Hand axe          ||    14
       Bite              ||     1
Invok: Foxfire Swarm     ||     1
Armor: Chain mail        ||     6
Dodge: Dodged            ||     3

Table legend: (Time is in decaauts)
 A = Elapsed time spent in this place.
 B = Non-inter-level travel time spent in this place.
 C = Inter-level travel time spent in this place.
 D = Time resting spent in this place.
 E = Time spent auto-exploring this place.
 F = Levels seen in this place.
 G = Mean time per level.
                   A        B        C        D        E       F      G
               +--------+--------+--------+--------+--------+-----+--------+
         Total |    330 |    311 |     19 |    128 |     94 |   1 |  330.0 |
       Dungeon |    330 |    311 |     19 |    128 |     94 |   1 |  330.0 |
               +--------+--------+--------+--------+--------+-----+--------+

Top non-repeatable levels by time:
     D:1: 330 daAuts
